 Dungeon Crawl Stone Soup version 0.20.1-1-g8b1a95d (webtiles) character file.

11 Giltor the Sneak (level 2, -1/15 HPs)
             Began as a Kobold Enchanter on July 10, 2017.
             Slain by a leopard gecko (3 damage)
             ... on level 1 of the Dungeon.
             The game lasted 00:42:18 (877 turns).

Giltor the Sneak (Kobold Enchanter)                  Turns: 877, Time: 00:42:19

Health: -1/15      AC:  2    Str:  5    XL:     2   Next: 35%
Magic:  5/5        EV: 15    Int: 16    God:
Gold:   17         SH:  0    Dex: 15    Spells: 4/5 levels left

rFire    . . .     SeeInvis .   m - -2 dagger (curse)
rCold    . . .     Gourm    .   (shield restricted)
rNeg     . . .     Faith    .   b - +0 robe
rPois    .         Spirit   .   (no helmet)
rElec    .         Reflect  .   (no cloak)
rCorr    .         Harm     .   (no gloves)
MR       .....                  (no boots)
Stlth    +++.......             (no amulet)
Regen    0.1/turn               (no ring)
MPRegen  0.1/turn               (no ring)

@: no status effects
A: carnivore 3
a: no special abilities


You were on level 1 of the Dungeon.
You were completely stuffed.

You visited 1 branch of the dungeon, and saw 1 of its levels.

You collected 17 gold pieces.

Inventory:

Hand Weapons
 a - a +1 dagger
 f - a +0 dagger
 h - a +0 spear
 j - a +0 dagger
 k - a +0 club
 m - a cursed -2 dagger (weapon)
Missiles
 l - 18 arrows
Armour
 b - a +0 robe (worn)
Scrolls
 e - a scroll of teleportation {unknown}
 g - a scroll of identify {unknown}
Books
 c - a book of Maledictions

   Spells                             Type                      Level
   a - Corona                         Hexes                        1
   b - Ensorcelled Hibernation        Hexes/Ice                    2
   c - Confuse                        Hexes                        3
   d - Tukima's Dance                 Hexes                        3
   e - Dazzling Spray                 Conjuration/Hexes            3
Comestibles
 d - a meat ration


   Skills:
 * Level 1.5 Short Blades
 * Level 2.8 Dodging
 - Level 4.4 Stealth
 - Level 2.1 Spellcasting
 - Level 3.1 Hexes


You had 4 spell levels left.
You knew the following spells:

 Your Spells              Type           Power        Failure   Level  Hunger
a - Corona                Hex            ##.....      5%          1    #......


Dungeon Overview and Level Annotations

Branches:
Dungeon (1/15)

Altars:


Innate Abilities, Weirdness & Mutations

You are small and have problems with some larger weapons.
You are carnivorous and can eat meat at any time.


Message History

The bat barely misses you.
The leopard gecko bites you but does no damage.
The leopard gecko closely misses you.
You hit the leopard gecko but do no damage.
The leopard gecko is heavily wounded.
The bat closely misses you. The leopard gecko bites you.
* * * LOW HITPOINT WARNING * * *
You closely miss the leopard gecko.
The leopard gecko is heavily wounded.
The bat barely misses you. The leopard gecko closely misses you.
You barely miss the leopard gecko.
The leopard gecko is heavily wounded.
The bat hits you but does no damage. The leopard gecko barely misses you.
You hit the leopard gecko but do no damage.
The leopard gecko is heavily wounded.
The leopard gecko barely misses you. The bat hits you but does no damage.
You hit the leopard gecko but do no damage.
The leopard gecko is heavily wounded.
The bat closely misses you. The leopard gecko bites you.
You die...

.......##..####.#.# .......
##.# #...# ....... #.##
##.###### #....###..#
##'##c#a#
#.........###...########
#.........#^#.>.....#^#^
#####.....###...###.####
#######.......##'##a#.....
.........@..#..#.#########
........bl#.##....# #x#T#e
.......(..#.#####.########
#######...#..####..######
###..(##..##.........
#########...............#####
#..........####.......#.#
#..........# #.......#.#
#..........# #.......#.#


You could see a leopard gecko and a bat.

Vanquished Creatures
  A dart slug (D:1)
  2 bats (D:1)
  2 goblins (D:1)
  A hobgoblin (D:1)
  A frilled lizard (D:1)
  2 rats (D:1)
9 creatures vanquished.

Notes
Turn   | Place    | Note
-------+----------+-------------------------------------------
     0 | D:1      | Giltor the Kobold Enchanter began the quest for the Orb.
     0 | D:1      | Reached XP level 1. HP: 10/10 MP: 3/3
     0 | D:1      | Noticed a gargoyle
     0 | D:1      | Noticed a formicid
     4 | D:1      | Noticed a vine stalker
    15 | D:1      | Noticed a vine stalker
    17 | D:1      | Noticed an elf
    18 | D:1      | Noticed a gargoyle
    22 | D:1      | Noticed a gargoyle
    22 | D:1      | Noticed a vine stalker
    45 | D:1      | Noticed an octopode
    45 | D:1      | Noticed a minotaur
    46 | D:1      | Noticed an elf
    48 | D:1      | Noticed a formicid
    50 | D:1      | Noticed a formicid
    50 | D:1      | Noticed a troll
    52 | D:1      | Noticed a centaur
    52 | D:1      | Noticed an octopode
   292 | D:1      | Reached XP level 2. HP: 11/15 MP: 5/5
   877 | D:1      | Slain by a leopard gecko

Action                   || total
-------------------------++-------
Melee: Dagger            ||    85
 Cast: Corona            ||     1
  Eat: Chunk             ||     6
       Royal jelly       ||     1
Armor: Robe              ||    22
Dodge: Dodged            ||    97
